 Dungeon Crawl Stone Soup version 0.32-a0-18-g89e19f1974 (webtiles) character file.

Game seed: 10356689937796384391

99 bobarctor the Ruffian (level 4, -3/33 HPs)
             Began as a Demonspawn Shapeshifter on Jan 17, 2024.
             Succumbed to a gnoll's poison
             ... on level 3 of the Dungeon.
             The game lasted 00:06:10 (1772 turns).

bobarctor the Ruffian (Demonspawn Shapeshifter)     Turns: 1772, Time: 00:06:10

Health: -3/33      AC:  5    Str: 16    XL:     4   Next: 45%
Magic:  4/4        EV: 12    Int: 11    God:
Gold:   113        SH:  5    Dex: 12    Spells: 3/3 levels left

rFire   . .          .
                       - Unarmed
rCold   . . .        (no shield)
rNeg    . . .        a - +0 animal skin
rPois   .            (helmet currently unavailable)
rElec   .            (cloak currently unavailable)
rCorr   .            (gloves currently unavailable)
SInv    .            (boots currently unavailable)
Will    .....        g - amulet of reflection
Stlth   +            (no ring)
HPRegen 0.25/turn    (no ring)
MPRegen 0.09/turn

%: reflection
@: lethally poisoned (-3 -> -30), beast-form
A: beast (slay +1), icy blue scales 2, demonic touch 1
a: Begin Untransformation


You were on level 3 of the Dungeon.
You were a hulking beast.
You visited 1 branch of the dungeon, and saw 3 of its levels.

You collected 113 gold pieces.

Inventory:

Missiles
 n - 17 stones (quivered)
 r - 2 boomerangs
Armour
 a - a +0 animal skin (worn)
Jewellery
 g - an amulet of reflection (around neck)
Talismans
 c - a beast talisman
 d - a flux talisman
Scrolls
 i - a scroll of identify {unknown}
 j - a scroll of teleportation {unknown}
 q - a scroll of enchant weapon {unknown}
Potions
 b - a potion of lignification
 e - a potion of invisibility {unknown}
 f - a potion of heal wounds {unknown}
 h - a potion of berserk rage {unknown}
 k - a potion of magic {unknown}
 l - a potion of haste {unknown}
 m - a potion of brilliance {unknown}
 o - a potion of might {unknown}
 p - a potion of degeneration {unknown}


   Skills:
 + Level 2.1 Fighting
 + Level 2.4 Dodging
 * Level 3.4 Unarmed Combat
 * Level 3.3 Shapeshifting


You had 3 spell levels left.
You didn't know any spells.
Your spell library was empty.

Dungeon Overview and Level Annotations

Branches:
Dungeon (3/15)

Altars:

Shops:
D:3 :


Innate Abilities, Weirdness & Mutations

You are a hulking beast.
Your limbs bulge with bestial killing power. (Slay +1)
You are mostly covered in icy blue scales. (AC +3)
Your touch may inflict minor irresistible damage on your foes.


Message History

You block the dart slug's attack.
You hit the dart slug.
You touch the dart slug.
You kill the dart slug!
You see here a dart slug corpse.
The endoplasm quivers.
You punch the endoplasm!
You kill the endoplasm!
Found a stone staircase leading down.
Found a stone staircase leading down.
The gnoll shouts!
You hear a shout!
The gnoll throws a stone.
The stone closely misses you. The gnoll attacks as it pursues you!
The gnoll hits you from afar with a +1 spear of venom.
You are poisoned.
You feel sick.
You feel sick.
The gnoll throws a stone.
The stone misses you.
You feel sick.
You feel sick.
The gnoll throws a stone.
The stone misses you.
You feel sick.
You feel sick. The gnoll misses you.
You hit the gnoll.
The gnoll is lightly wounded.
You feel sick.
You are no longer poisoned.
The gnoll hits you with a +1 spear of venom.
You are poisoned.
You barely miss the gnoll.
You touch the gnoll.
The gnoll is severely wounded.
You feel very sick.
The gnoll hits you with a +1 spear of venom.
You are lethally poisoned!
You barely miss the gnoll. Your touch misses the gnoll.
The gnoll is severely wounded.
You feel very sick.
The gnoll hits you with a +1 spear of venom!
* * * LOW HITPOINT WARNING * * *
You are more poisoned.
You hit the gnoll.
You kill the gnoll!
You die...

#.....##.......# #..
#.####.#.......# # #.
##........# #
##.#####......###.. ..
.........##........ ....
##.#####.##.......#####.
#.#..#####.# #.
.###.#####.#..## # #∩
.........h)....# #.
..###.####.#.#.# ### ..
# #.#.#.# #.. ..
...>#......# #.# .#
#.#######g### #.#
.####.# #. #
####.##....... ..
.......# ## ###.##.#


There were no monsters in sight!

Vanquished Creatures
  Terence (D:2)
  4 gnolls
  An adder (D:3)
  A dart slug (D:3)
  2 ball pythons
  2 endoplasms
  5 goblins
  4 hobgoblins
  3 jackals
  A kobold (D:1)
  4 quokkas
  2 bats (D:1)
  2 frilled lizards
  3 rats (D:1)
35 creatures vanquished.

Notes
Turn   | Place    | Note
-------+----------+-------------------------------------------
     0 | D:1      | bobarctor the Demonspawn Shapeshifter began the quest for
                  | the Orb.
     0 | D:1      | Reached XP level 1. HP: 15/15 MP: 1/1
   328 | D:1      | Gained mutation: You are partially covered in icy blue
                  | scales. (AC +2) [demonic ancestry]
   328 | D:1      | Reached XP level 2. HP: 20/21 MP: 2/2
   886 | D:2      | Noticed Terence
  1085 | D:2      | Gained mutation: Your touch may inflict minor irresistible
                  | damage on your foes. [demonic ancestry]
  1085 | D:2      | Reached XP level 3. HP: 27/27 MP: 3/3
  1476 | D:2      | Killed Terence
  1524 | D:3      | Found Dokkic's Book Shop.
  1529 | D:2      | Gained mutation: You are mostly covered in icy blue scales.
                  | (AC +3) [demonic ancestry]
  1529 | D:2      | Reached XP level 4. HP: 24/33 MP: 4/4
  1772 | D:3      | Succumbed to a gnoll's poison

Illustrated notes

Levels and vault maps discovered:
D:1:      heliophobic_arrival_dark_side_of_the_moon, layout_loops_ring,
          st_stairs_9
D:2:      layout_basic, uniq_terence
D:3:      layout_loops_ring, serial_shops, shop, nicolae_grassy_gnolls

Skill      XL: |  1  2  3 |
---------------+----------+-----
Dodging        | 2 |  2.4
Unarmed Combat | 3 |  3.4
Shapeshifting  | 3 |  3.3
Fighting       | 2 |  2.1

Action                     |  1- 3 |  4- 6 || total
---------------------------+-------+-------++-------
  Melee: Unarmed           |    77 |    21 ||    98
         Punch             |     2 |       ||     2
         Touch             |     5 |     5 ||    10
  Throw: Stone             |     1 |       ||     1
   Stab: Distracted        |     1 |       ||     1
         Sleeping          |     1 |       ||     1
 Armour: Animal skin       |    25 |    11 ||    36
  Dodge: Dodged            |    36 |     8 ||    44
  Block: Other             |    16 |     2 ||    18

Table legend: (Time is in decaauts)
 A = Elapsed time spent in this place.
 B = Non-inter-level travel time spent in this place.
 C = Inter-level travel time spent in this place.
 D = Time resting spent in this place.
 E = Time spent auto-exploring this place.
 F = Levels seen in this place.
 G = Mean time per level.
                   A        B        C        D        E       F      G
               +--------+--------+--------+--------+--------+-----+--------+
         Total |   1765 |   1640 |    125 |     59 |   1216 |   3 |  588.3 |
       Dungeon |   1765 |   1640 |    125 |     59 |   1216 |   3 |  588.3 |
               +--------+--------+--------+--------+--------+-----+--------+

Top non-repeatable levels by time:
     D:1: 919 daAuts
     D:2: 628 daAuts
     D:3: 218 daAuts
